Cogmind - Beta 13 @@@ ROGUE MODE // 2024.04.19 @ 23:31:51 Player: Cwaftwer Result: Destroyed by as-14964 with Assembled F-torch Performance ------------- Evolutions (1) 500 Regions Visited (3) 600 Robots Destroyed (16) 80 Value Destroyed (516) 516 Prototype IDs (2) 40 Alien Tech Used (0) 0 Bonus (0) 0 TOTAL SCORE: 1736 Bonus ------- None Cogmind --------- Core Integrity 0/400 Matter 464/500 Energy 100/100 System Corruption 9% Temperature Cool (20) Movement Core (400) Ox7 Location -9/Mines Parts ------- > --- POWER (1) -------- (None) > --- PROPULSION (4) --- (None) > --- UTILITY (2) ------ Large Storage Unit High-capacity Matter Pod > --- WEAPON (2) ------- (None) > --- INVENTORY (15) --- Ion Engine Power Shielding Weapon Shielding Light Armor Plating Peak State ------------ > --- POWER ------------ Ion Engine > --- PROPULSION ------- Aluminum Leg Aluminum Leg Aluminum Leg > --- UTILITY ---------- Large Storage Unit High-capacity Matter Pod > --- WEAPON ----------- Beam Cannon Beam Cannon > --- INVENTORY -------- Ion Engine Aluminum Leg Wheel Power Shielding Weapon Shielding Light Armor Plating Small Laser Light Assault Rifle Light Assault Rifle Grenade Launcher [Rating: 9] Favorites ----------- Power Ion Engine Engine Ion Engine Propulsion Aluminum Leg Leg Aluminum Leg Wheel Wheel Utility High-capacity Matter Pod Storage High-capacity Matter Pod Weapon Small Laser Energy Gun Small Laser Energy Cannon Beam Cannon Ballistic Gun Light Assault Rifle Launcher Grenade Launcher Build | -11 -10 -9 -9 ------- Run | Yrd Mat Mat Min Slots Evolved 2 | . . 2 . Power . | . . . . Propulsion 2 | . . 2 . Utility . | . . . . Weapon . | . . . . Parts Attached 23 | 6 6 2 9 Power 1 | 1 . . . Engine 1 | 1 . . . Core . | . . . . Reactor . | . . . . Propulsion 5 | 2 . . 3 Treads . | . . . . Leg 4 | 2 . . 2 Wheel 1 | . . . 1 Hover . | . . . . Flight . | . . . . Utility 3 | 1 2 . . Device . | . . . . Storage 3 | 1 2 . . Processor . | . . . . Hackware . | . . . . Protection . | . . . . Artifact . | . . . . Weapon 14 | 2 4 2 6 Energy Gun 5 | 2 2 . 1 Energy Cannon 5 | . 2 2 1 Ballistic Gun 3 | . . . 3 Ballistic Cannon . | . . . . Launcher 1 | . . . 1 Special Weapon . | . . . . Impact Weapon . | . . . . Slashing Weapon . | . . . . Piercing Weapon . | . . . . Special Melee Weapon . | . . . . Unidentified Prototypes . | . . . . Parts Lost 12 | . . . 12 Power 1 | . . . 1 Propulsion 5 | . . . 5 Utility . | . . . . Weapon 6 | . . . 6 Highest Loss Streak 12 | . . . 12 To Critical Strikes . | . . . . Average Slot Usage (%) 86 | . 92 77 88 Engine 12 | . 14 11 10 Leg 27 | . 28 22 34 Storage 21 | . 21 22 22 Energy Gun 13 | . 27 5 . Energy Cannon 10 | . . 16 17 Naked Turns . | . . . . Heaviest Build 35 | 12 31 35 35 Greatest Support 40 | 20 20 20 40 Greatest Overweight (x) 9 | . 1 1 9 Average Overweight (x) . | . . 1 . Largest Inventory Capacity 15 | 8 15 15 15 Average Capacity 12 | 6 10 15 15 Most Carried 11 | 5 7 11 10 Average Carried 6 | 1 5 7 8 Final Capacity 15 | 8 15 15 15 Final Carried 11 | 1 7 11 4 Class Distribution -------------------- 100% | Mutant Dominant Class ---------------- Mutant | -10/Materials Mutant | -9/Materials Mutant | -9/Mines Resources | -11 -10 -9 -9 ----------- Run | Yrd Mat Mat Min Matter Collected 553 | 185 121 234 13 Remotely . | . . . . Salvage Created 505 | . 121 336 48 Parts 22 | . 10 12 . Haulers Intercepted . | . . . . Recyclers Shooed 2 | . 2 . . Parts Field Recycled . | . . . . Retrieved Matter . | . . . . Parts Self-Destructed . | . . . . Prevented . | . . . . Kills | -11 -10 -9 -9 ------- Run | Yrd Mat Mat Min Combat Hostiles Destroyed 19 | . 5 7 7 Guns 5 | . 3 . 2 Cannons 11 | . 2 7 2 AOE 3 | . . . 3 Classes Destroyed 7 | . 2 3 2 Worker 1 | . . 1 . Watcher 1 | . . 1 . Swarmer 3 | . 3 . . Grunt 8 | . 2 6 . Sentry 1 | . . 1 . Demolisher 2 | . . . 2 Assembled 5 | . . . 5 Best Kill Streak 7 | . 3 5 7 Combat Bots Only 7 | . 3 3 7 Max Kills in Single Turn 3 | . 2 1 3 Gunslinging 1 | . 1 . . Exploded 3 | . . . 3 Melee . | . . . . Uniques/NPCs Destroyed . | . . . . Combat | -11 -10 -9 -9 -------- Run | Yrd Mat Mat Min Hostile Shots Fired 84 | . 12 19 53 Missed 17 | . 3 4 10 Damage Taken 1548 | . 74 185 1289 Core 426 | . 26 51 349 Absorbed by Shields . | . . . . Core Remaining (%) 94 | 100 89 . . Volleys Fired 52 | . 15 17 20 Largest 2 | . 2 2 2 Hottest 120 | . 120 120 120 Shots Fired 95 | . 30 34 31 Gun 42 | . 26 . 16 Cannon 52 | . 4 34 14 Launcher 1 | . . . 1 Special . | . . . . Kinetic 13 | . . . 13 Thermal 81 | . 30 34 17 Explosive 1 | . . . 1 Electromagnetic . | . . . . Robot Hit Streak 7 | . 3 7 6 Robot Miss Streak 4 | . 3 4 3 Penetration Max . | . . . . Secondary Targets 2 | . 1 . 1 Max Gunslinging Chain 1 | . 1 . 1 Shots Hit Robots 52 | . 16 18 18 Core Hits 35 | . 8 12 15 Critical Kills . | . . . . Critical Parts Destroyed . | . . . . Critical Strikes . | . . . . Melee Attacks . | . . . . Impact . | . . . . Slashing . | . . . . Piercing . | . . . . Sneak Attacks . | . . . . Combat Hostiles . | . . . . Follow-up Attacks . | . . . . Damage Inflicted 825 | . 209 316 300 Guns 263 | . 173 . 90 Cannons 476 | . 36 316 124 Explosions 85 | . . . 85 Melee . | . . . . Ramming 1 | . . . 1 Kinetic 80 | . . . 80 Thermal 659 | . 209 316 134 Explosive 85 | . . . 85 Electromagnetic . | . . . . Impact . | . . . . Slashing . | . . . . Piercing . | . . . . Highest Corruption 9 | . . . 9 Average Corruption 9 | . . . 9 Corruption Purged . | . . . . Corruption Blocked . | . . . . Effects 2 | . . . 2 Energy Discharges 1 | . . . 1 Parts Rejected 1 | . . . 1 Overload Shots . | . . . . Overflow Damage . | . . . . Projectiles . | . . . . Explosions . | . . . . Melee . | . . . . Knockbacks . | . . . . Impact . | . . . . Kinetic . | . . . . Secondary . | . . . . Self-Inflicted Damage 45 | . . . 45 Shots 1 | . . . 1 Rammed 1 | . . . 1 Targets Rammed 1 | . . . 1 Kicked . | . . . . Crushed . | . . . . Highest Temperature 228 | . 126 228 101 Average Temperature 66 | . 32 101 39 Received Heat Transfer 188 | . 12 96 80 Siege Activations . | . . . . Robots Corrupted . | . . . . Combat Hostiles . | . . . . Parts Fried . | . . . . Impact Corruptions . | . . . . Robots Melted . | . . . . Combat Hostiles . | . . . . Parts Melted 2 | . . 2 . Heat Transferred 1424 | . 474 666 284 Parts Sabotaged . | . . . . Parts Stolen . | . . . . Parts Stripped . | . . . . Power Chain Reactions . | . . . . Alert | -11 -10 -9 -9 ------- Run | Yrd Mat Mat Min Peak Influence 314 | . 70 314 152 Initial 122 | . . 29 122 Average 75 | . 26 122 116 Maximum Alert Level 1 | . . 1 . Low Security (%) 94 | 100 100 83 100 Level 1 5 | . . 16 . Level 2 . | . . . . Level 3 . | . . . . Level 4 . | . . . . Level 5 . | . . . . High Security . | . . . . Max Security . | . . . . Squads Dispatched 1 | . . 1 . Investigation 1 | . . 1 . Extermination . | . . . . Reinforcement . | . . . . Assault . | . . . . Garrison . | . . . . Intercept . | . . . . Searches Triggered . | . . . . Construction Impeded . | . . . . Haulers Reinforced . | . . . . Active Scanning Responses . | . . . . Cargo Convoy Interrupts . | . . . . Stealth | -11 -10 -9 -9 --------- Run | Yrd Mat Mat Min Distress Signals 2 | . 1 1 . Communications Jammed . | . . . . Distress Signals . | . . . . Times Spotted 45 | . 8 15 22 Peak Tracking Total 9 | . 4 5 9 Tactical Retreats 2 | . . 1 1 Traps | -11 -10 -9 -9 ------- Run | Yrd Mat Mat Min Traps Triggered . | . . . . Indirectly . | . . . . Trap Hack Attempts . | . . . . Triggered . | . . . . Disarmed . | . . . . Reprogrammed . | . . . . Reused . | . . . . Traps Extracted . | . . . . Installed . | . . . . Triggered . | . . . . Machines | -11 -10 -9 -9 ---------- Run | Yrd Mat Mat Min Machines Disabled 2 | . . 2 . Max in Single Turn 1 | . . 1 . Machines Repaired . | . . . . Machines Dismantled . | . . . . Machines Sabotaged . | . . . . Overloaded Fab Kills . | . . . . Hacking | -11 -10 -9 -9 --------- Run | Yrd Mat Mat Min Machines Accessed 5 | . 3 2 . Terminals 5 | . 3 2 . Fabricators . | . . . . Repair Stations . | . . . . Recycling Units . | . . . . Scanalyzers . | . . . . Garrison Access . | . . . . Total Hacks 18 | . 9 9 . Successful 9 | . 7 2 . Failed 9 | . 2 7 . Catastrophic 3 | . 1 2 . Database Lockouts . | . . . . Manual . | . . . . Terminals 18 | . 9 9 . Fabricators . | . . . . Repair Stations . | . . . . Recycling Units . | . . . . Scanalyzers . | . . . . Garrison Access . | . . . . Terminal Hacks 9 | . 7 2 . Record 2 | . 2 . . Robot Analysis 1 | . . 1 . Prototype ID Bank 1 | . 1 . . Level Access Points 1 | . . 1 . Branch Access Points 1 | . 1 . . Alert Level 2 | . 2 . . Hauler Manifests 1 | . 1 . . Fabricator Hacks . | . . . . Repair Station Hacks . | . . . . Recycling Unit Hacks . | . . . . Scanalyzer . | . . . . Garrison Access Hacks . | . . . . Unauthorized Hacks . | . . . . Terminals . | . . . . Fabricators . | . . . . Repair Stations . | . . . . Recycling Units . | . . . . Scanalyzers . | . . . . Garrison Access . | . . . . Data Cores Recovered . | . . . . Used . | . . . . Hacking Detections 5 | . 3 2 . Full Trace Events 3 | . 1 2 . Feedback Events . | . . . . Feedback Blocked . | . . . . Robot Schematics Acquired . | . . . . Robots Built . | . . . . Authchips . | . . . . Time . | . . . . Total Robot Build Rating . | . . . . Part Schematics Acquired . | . . . . Parts Built . | . . . . Authchips . | . . . . Time . | . . . . Total Part Build Rating . | . . . . Parts Repaired . | . . . . Time . | . . . . Parts Recycled . | . . . . Recycled Matter . | . . . . Retrieved Matter . | . . . . Retrieved Components . | . . . . Parts Scanalyzed . | . . . . Part Schematics Acquired . | . . . . Parts Damaged . | . . . . Bothacking | -11 -10 -9 -9 ------------ Run | Yrd Mat Mat Min Used RIF Installer . | . . . . Robots Hacked . | . . . . Non-combat . | . . . . Combat . | . . . . Robot Hacks Applied . | . . . . Relay Couplers Released . | . . . . Fabnet Peak Effective % . | . . . . Robots Rewired . | . . . . Allies Hacked . | . . . . Hacks Repelled . | . . . . Allies | -11 -10 -9 -9 -------- Run | Yrd Mat Mat Min Total Allies . | . . . . Largest Group . | . . . . Highest-Rated Group . | . . . . Highest-Rated Ally . | . . . . Total Orders . | . . . . Ally Attacks . | . . . . Total Damage . | . . . . Kills . | . . . . Allies Corrupted . | . . . . Allies Melted . | . . . . Intel | -11 -10 -9 -9 ------- Run | Yrd Mat Mat Min Robot Analysis Total 1 | . . 1 . Derelict Logs Recovered 1 | . . . 1 Drone Launches . | . . . . Drone Recoveries . | . . . . Exploration | -11 -10 -9 -9 ------------- Run | Yrd Mat Mat Min Turns Passed 1165 | 70 466 372 257 Spaces Moved 636 | 52 289 158 137 Core 11 | 9 . . 2 Treads . | . . . . Legs 619 | 43 289 158 129 Wheels 6 | . . . 6 Hover . | . . . . Flight . | . . . . Fastest Speed 50 | 50 120 190 120 Average Speed 146 | 107 140 190 125 Slowest Speed 500 | 120 190 190 500 Overloaded Moves . | . . . . Propulsion Burnouts . | . . . . Robots Hopped . | . . . . Cave-ins Triggered 1 | . . . 1 Exploration Rate (%) 21 | 4 41 21 19 Regions Visited 3 Branch Regions 1 Pre-discovered Areas . | . . . . Known Exits Taken . | . . . . Unknown Exits Taken 3 | 1 1 1 . Scrap Searched . | . . . . Spaces Dug 10 | . . . 10 Terrain Destroyed 10 | . . . 10 Melee . | . . . . Projectile . | . . . . AOE 10 | . . . 10 Terrain Rammed . | . . . . Walls Destroyed . | . . . . Machines Disabled . | . . . . Actions | -11 -10 -9 -9 --------- Run | Yrd Mat Mat Min Total 775 | 68 319 196 192 Wait 38 | . . 14 24 Move 633 | 51 288 157 137 Hop . | . . . . Pick Up 23 | 9 8 5 1 Fast Attach . | . . . . Attach 16 | 6 2 . 8 Detach 1 | . 1 . . Swap 7 | . 4 2 1 Drop 4 | 2 1 1 . Fire 52 | . 15 17 20 Melee . | . . . . Ram 1 | . . . 1 Kick . | . . . . Crush . | . . . . Escape Stasis . | . . . . Rewire . | . . . . Trap . | . . . . Miscellaneous . | . . . . Route ------- -11/Scrapyard -10/Materials (discovered 2 exits: *Mat / Min) -9/Materials (discovered 4 exits: Mat x3 / [*Min]) -9/Mines History --------- Turn | Location | Event 4 | -11/Scrapyard | Discovered new exit (range 15) 71 | -11/Scrapyard | Entered Materials 99 | -10/Materials | Identified exit to Mines 300 | -10/Materials | Build established: Mutant 464 | -10/Materials | Discovered new exit (range 10) 537 | -10/Materials | Entered another Materials area 537 | -9/Materials | Evolved 2 slots: Propulsion x2 830 | -9/Materials | Identified exit to Materials 898 | -9/Materials | Discovered new exit (range 7) 909 | -9/Materials | Entered Mines 913 | -9/Mines | Met a Derelict bent on vengeance 1008 | -9/Mines | Learned location of 1 exit from Materials 1047 | -9/Mines | Assembled infested the area 1111 | -9/Mines | Crushed by falling debris 1111 | -9/Mines | Core integrity fell below 50% 1159 | -9/Mines | Core integrity fell below 20% 1160 | -9/Mines | Destroyed 7 combat bots 1166 | -9/Mines | Destroyed by as-14964 with Assembled F-torch Last Messages --------------- The unstable cave ceiling collapses. U-05 Engineer builds a Wall. as-45272 destroyed. Switching to secondary target: as-47078. Sml. Laser destroyed. The unstable cave ceiling collapses. U-05 Engineer builds a Wall. System corrupted: Lgt. Assault Rifle rejected. Wheel destroyed. Slammed into as-69951. as-47078 sneak attacks. U-05 Engineer destroyed. The unstable cave ceiling collapses. Ion Engine destroyed. U-05 Engineer builds a Wall. Acquired Lgt. Assault Rifle. U-05 Engineer lays Concrete. The unstable cave ceiling collapses. Lgt. Assault Rifle destroyed. Acquired 13 matter. Map ----- +----------------------------------------------------+ | ?????????????????????????????????????????????????? | | ?????????????????????????????????????????????????? | | ??????????????????????????????????###????????????? | | ??????????????????????????????????# ????????????? | | ??????????????????????????????????# #????????????? | | ??????????????????????????????????# #????????????? | | ??????????????????????????????????# #????????????? | | ??????????????????????????????????# #####????????? | | ???????????????????????????######## ## ##???????? | | ????????????????????????# #???????? | | ???????????????????????????## ##### # #???????? | | ??????????????????????????????????# ## ##??????? | | ??????????????????????????????????# ## #??????? | | ??????????????????????????????????# ## ##?????? | | ??????????????????????????????????# ### #?????? | | ??????????????????????????????????# #?## #?????? | | ??????????????????????????????????# #??## #?????? | | ??????????????????????######??????# #???# #?????? | | ????????????????????### ##?????# #???# #?????? | | ???????????????????### ###????# #???# #?????? | | ???????????????????# ####?# #???# #?????? | | ???????????????????# # ## #?# #???# #?????? | | ???????????????????# # #?# #???# ####### | | ???????????????????# # ########### #???# | | ???????????????????# # u %"#???# | | ???????????????????### @a##########???######## | | ????????????????????## !a! # #?????????????# | | ?????????????????????## % # # ##?????????????# | | ??????????????????????## % ##??????????????# # | | ???????????????????????##%### ##???????????????# # | | ????????????????????????#a#??##????????????????# # | | ????????????????????????# #????????????????????# # | | ?????????????????######## #????????????????????# # | | ????????????????# #????????????????????# # | | ???????????????# ########????????????????????# # | | ???????????????????????????????????????????????# # | | ???????????????????????????????????????????????# # | | ???????????????????????????????????????????????# # | | ???????????????????????????????????????????????# # | | ???????????????????????????????????????????????# # | | ???????????????????????????????????????????????# # | | ???????????????????????????????????????????????# | | ???????????????????????????????????????????????### | | ?????????????????????????????????????????????????? | | ?????????????????????????????????????????????????? | | ?????????????????????????????????????????????????? | | ?????????????????????????????????????????????????? | | ?????????????????????????????????????????????????? | | ?????????????????????????????????????????????????? | | ?????????????????????????????????????????????????? | +----------------------------------------------------+ Best States ------------- Heat Dissipation 28 Energy Generation 10 Energy Capacity 250 Matter Stores 500 Matter Capacity 500 Sight Range 16 Terrain Scan Density 10 Evasion (%) 55 Item Schematics ----------------- None Robot Schematics ------------------ None Fabricated ------------ Nothing Alien Tech Used ----------------- None Achievements -------------- None Challenges ------------ None Game ------ Seed MasterWeaponsClaws Manual? 0 Play Time 00:11:19 Cumulative 20.9 hours Start 2024.04.19 @ 23:21:20 End 2024.04.19 @ 23:31:51 Sessions 1 Manual Loads 0 Difficulty Rogue Special Mode None Game No. 31 Rogue 30 Adventurer 1 Explorer 0 Win Type - Total 0 Types 0/0/0/0/0/0/0/0/0 Lore% 19 Gallery% 28 Achievement% 22 Wizard Run 0 Options --------- Layout 1 ASCII 0 Keyboard 0 Movement Mouse Keybinds 0 Fullscreen 1 Font 24/Smallcaps Map View 50x40 Zoom Use 0% Tactical HUD 0 Map Filters NONE Filters NONE Steam 1 RUN: 419755d7-7fc2-4d40-ae20-d684e947c9a7